 Dungeon Crawl Stone Soup version 0.28.0-53-g5a82cb258f (webtiles) character file.

Game seed: 6120147534693748236

91 clackabat the Slasher (level 4, 0/38 HPs)
             Began as a Barachi Fighter on July 14, 2022.
             Slain by Eustachio
             ... wielding a +1 rapier of flaming
              (3 damage)
             ... on level 4 of the Dungeon.
             The game lasted 00:06:44 (2252 turns).

clackabat the Slasher (Barachi Fighter)             Turns: 2252, Time: 00:06:45

Health: 0/38       AC: 13    Str: 17    XL:     4   Next: 59%
Magic:  4/4        EV:  9    Int: 11    God:
Gold:   139        SH:  4    Dex: 11    Spells: 3/3 levels left

rFire   . . .      SeeInvis .   a - +1 long sword
rCold   . . .      Faith    .   c - +0 buckler
rNeg    . . .      Spirit   .   b - +0 scale mail
rPois   .          Reflect  .   (no helmet)
rElec   .          Harm     .   (no cloak)
rCorr   .          Rampage  .   h - +0 pair of gloves
Will    .....                   e - +0 pair of boots
Stlth   ..........              m - amulet of the acrobat
HPRegen 0.12/turn               n - +4 ring of protection
MPRegen 0.09/turn               (no ring)

@: mighty, slow
A: amphibious, slowness 1, strong legs 1, +LOS
a: Hop


You were on level 4 of the Dungeon.
You visited 1 branch of the dungeon, and saw 4 of its levels.

You collected 165 gold pieces.
You spent 26 gold pieces at shops.

Inventory:

Hand Weapons
 a - a +1 long sword (weapon)
Armour
 b - a +0 scale mail (worn)
 c - a +0 buckler (worn)
 e - a +0 pair of boots (worn)
 h - a +0 pair of gloves (worn)
Jewellery
 m - an amulet of the acrobat (around neck)
 n - a +4 ring of protection (left hand)
Scrolls
 g - a scroll of noise {unknown}
 k - a scroll of teleportation
Potions
 f - 2 potions of attraction
 i - a potion of lignification {unknown}
 l - a potion of invisibility


   Skills:
 - Level 4.5 Fighting
 * Level 4.9 Long Blades
 - Level 3.6 Armour
 - Level 3.2 Shields


You had 3 spell levels left.
You didn't know any spells.
Your spell library contained the following spells:

 Spells                   Type           Power      Damage    Failure   Level
 Gell's Gravitas          Tloc           0%         N/A       99%         3
 Lesser Beckoning         Tloc           0%         N/A       99%         3
 Portal Projectile        Hex/Tloc       0%         N/A       99%         3
 Teleport Other           Tloc           0%         N/A       99%         3
 Blade Hands              Tmut           0%         N/A       100%        5
 Excruciating Wounds      Necr           0%         N/A       100%        5


Dungeon Overview and Level Annotations

Branches:
Dungeon (4/15)             Temple (0/1) D:4

Altars:
Qazlal

Shops:
D:3 *(:[[

Annotations:
D:4 Eustachio


Innate Abilities, Weirdness & Mutations

You are amphibious.
You cover ground slowly.
You can hop short distances.
You have an extended range of vision and can be seen from far away.


Message History

You hit Eustachio.
Eustachio is almost dead.
Eustachio closely misses you. You block the adder's attack.
Eustachio casts a spell.
Eustachio blinks!
You closely miss the river rat.
You flicker back into view.
The adder barely misses you. The river rat barely misses you.
The adder barely misses you. You block the river rat's attack.
You hit the adder.
The adder is heavily wounded.
You block the adder's attack. The river rat barely misses you.
The adder closely misses you.
You completely miss the adder.
The adder is heavily wounded.
Eustachio closely misses you. The river rat bites you.
* * * LOW HITPOINT WARNING * * *
The adder barely misses you.
You hit the river rat.
The river rat is heavily wounded.
The adder bites you but does no damage. Eustachio closely misses you.
The river rat barely misses you. You block the adder's attack.
Eustachio mumbles some strange words.
Eustachio blinks!
You slash the adder!
You kill the adder!
The river rat closely misses you.
Eustachio utters an oath, "I will die for my friends!"
The river rat completely misses you.
You barely miss the river rat.
The river rat is heavily wounded.
Eustachio hits you with a +1 rapier of flaming.
* * * LOW HITPOINT WARNING * * *
Eustachio burns you.
* * * LOW HITPOINT WARNING * * *
The river rat completely misses you.
You barely miss Eustachio.
Eustachio is severely wounded.
Eustachio hits you with a +1 rapier of flaming.
You die...

*,,.,,#..##..#........#,,*****
*,,..,+..#...'........#,,*,,,,
*,,...##+##..#........#*+*,,,,
*,,.......#..#....#+###,,*,,,,
*,,.......#+##....+,,,*,,*,,,,
*****#............#,,,*,,*,,,,
#............##+###**,,,,
#..(....†r.........>,,,,,
*****#.......@@..........,,,,,
*,,.......####...........,,,,,
*,,.......* #...........,****
*,,...###** #....#######**,,,
*,,..,* #....+,,,,,,,,,,,
*,,.,,* #....#,,,,,,,,,,,
*,,,,,* #....#,,,,,,,,,,<
*,,,,,* #..>.#***********
******* *#####


You could see Eustachio and a river rat (summoned).

Vanquished Creatures
  5 adders
  An orc (D:2)
  7 ball pythons
  3 giant cockroaches
  5 hobgoblins
  A quokka (D:1)
  8 bats
  7 goblins
  3 kobolds (D:1)
  5 rats
45 creatures vanquished.

Notes
Turn   | Place    | Note
-------+----------+-------------------------------------------
     0 | D:1      | clackabat the Barachi Fighter began the quest for the Orb.
     0 | D:1      | Reached XP level 1. HP: 18/18 MP: 1/1
   188 | D:1      | Reached XP level 2. HP: 25/25 MP: 2/2
   573 | D:1      | Reached XP level 3. HP: 30/30 MP: 3/3
   999 | D:2      | Found a stormy altar of Qazlal.
  1475 | D:3      | Found Axerphika's Armour Shop.
  1475 | D:3      | Found Safubaovyc's Armour Shoppe.
  1545 | D:3      | Reached XP level 4. HP: 38/38 MP: 4/4
  1841 | D:3      | Found a faded altar of an unknown god.
  1898 | D:3      | Found Gilieruy's Weapon Boutique.
  1902 | D:3      | Found Fableac's Assorted Antiques.
  1916 | D:3      | Bought a scroll labelled SOPHER CIZAGYM for 26 gold pieces
  1998 | D:3      | Found Emastrir's Book Shoppe.
  2226 | D:4      | Noticed Eustachio
  2252 | D:4      | Slain by Eustachio

Illustrated notes

Levels and vault maps discovered:
D:1:      saegor_arrival_simple_c, layout_basic, interstate_on_off
D:2:      layout_basic, basic_altar, st_stairs_13, serial_bayou_pond_e,
          kennysheep_doodads
D:3:      layout_rooms, serial_shops, shop_coins,
          nicolae_shop_bloodbath_and_beyond,
          nicolae_shop_competitors_out_of_business, shop, nicolae_shop_trees,
          nicolae_ecumenical_lake_church, kennysheep_cluttered_room,
          item_on_display_a
D:4:      kennysheep_goblin_castle, layout_gridville, minmay_temple_entry_glass,
          gammafunk_ghost_smash, uniq_ijyb, uniq_eustachio

Skill      XL: |  1  2  3 |
---------------+----------+-----
Long Blades    | 3 4 |  4.9
Fighting       | 4 |  4.5
Armour         | |  3.6
Shields        | |  3.2

Action                   |  1- 3 |  4- 6 || total
-------------------------+-------+-------++-------
Melee: Long sword        |   113 |    51 ||   164
  Use: Scroll            |       |     6 ||     6
       Potion            |       |     2 ||     2
Armor: Scale mail        |    66 |    24 ||    90
Dodge: Dodged            |    64 |    38 ||   102
Block: Buckler           |    27 |    11 ||    38
